 Dungeon Crawl Stone Soup version 0.24.0-2-g5b39cebb1c (webtiles) character file.

Game seed: 17540869552220739707, levelgen mode: deterministic

2268 Esekla the Cutter (level 9, -2/71 HPs)
             Began as a Yellow Draconian Enchanter on Nov 1, 2019.
             Slain by Menkaure (17 damage)
             ... on level 6 of the Dungeon.
             The game lasted 00:48:17 (6796 turns).

Esekla the Cutter (Yellow Draconian Enchanter)      Turns: 6796, Time: 00:48:18

Health: -2/71      AC: 10    Str: 11    XL:     9   Next: 16%
Magic:  9/16       EV: 13    Int: 19    God:
Gold:   282        SH:  0    Dex: 11    Spells: 2/17 levels left

rFire    . . .     SeeInvis .   m - +2 short sword (speed)
rCold    . . .     Gourm    .   (no shield)
rNeg     . . .     Faith    .   (armour unavailable)
rPois    +         Spirit   .   (helmet restricted)
rElec    .         Reflect  .   (no cloak)
rCorr    +         Harm     .   (no gloves)
MR       .....                  (no boots)
Stlth    ++........             E - amulet of magic regeneration
HPRegen  0.21/turn              x - ring of poison resistance
MPRegen  0.40/turn              w - +3 ring of protection

@: no status effects
A: spit acid, unfitting armour, cold-blooded, acid resistance, AC +7
a: Breathe Acid


You were on level 6 of the Dungeon.
You were hungry.

You visited 2 branches of the dungeon, and saw 7 of its levels.

You collected 282 gold pieces.

Inventory:

Hand Weapons
 a - a +1 dagger
 m - a +2 short sword of speed (weapon)
 G - a +0 long sword
 H - a +0 war axe of electrocution
Missiles
 b - 16 poisoned darts (quivered)
 n - 7 atropa-tipped darts
 A - 10 boomerangs
Jewellery
 d - a +2 ring of intelligence
 i - an uncursed amulet of faith
 u - an uncursed ring of teleportation
 w - a +3 ring of protection (right hand)
 x - a ring of poison resistance (left hand)
 z - an uncursed ring of protection from magic
 E - an amulet of magic regeneration (around neck)
Wands
 F - a wand of flame (14)
Scrolls
 h - 2 scrolls of fog
 j - 2 scrolls of teleportation
 o - a scroll of amnesia
 r - 2 scrolls of fear {unknown}
 t - 2 scrolls of enchant weapon {unknown}
 v - 3 scrolls of blinking {unknown}
 y - 2 scrolls of remove curse
 B - a scroll of magic mapping {unknown}
Potions
 e - a potion of haste
 f - 3 potions of curing {unknown}
 g - 3 potions of brilliance
 k - a potion of flight {unknown}
 l - a potion of lignification
 p - a potion of cancellation {unknown}
 q - a potion of mutation {unknown}
 s - 3 potions of heal wounds
 C - a potion of invisibility
 D - a potion of resistance {unknown}
Comestibles
 c - 9 rations


   Skills:
 + Level 4.0 Fighting
 + Level 5.6 Short Blades
 + Level 4.0 Dodging
 - Level 2.6 Stealth
 * Level 4.8 Spellcasting
 * Level 3.8 Conjurations
 + Level 2.7 Hexes
 * Level 1.7 Translocations
 * Level 2.8 Fire Magic
 * Level 3.6 Air Magic
 * Level 3.4 Poison Magic


You had 2 spell levels left.
You knew the following spells:

 Your Spells              Type           Power        Failure   Level  Hunger
a - Corona                Hex            ###....      4%          1    None
b - Blink                 Tloc           N/A          10%         2    #......
c - Mephitic Cloud        Conj/Pois/Air  ###.....     9%          3    ##.....
d - Dazzling Spray        Conj/Hex       ###...       10%         3    ##.....
e - Tukima's Dance        Hex            ###.....     12%         3    ##.....
f - Conjure Flame         Conj/Fire      ###.....     10%         3    ##.....

Your spell library contained the following spells:

 Spells                   Type           Power        Failure   Level  Hunger
 Magic Dart               Conj           ###.         2%          1    None
 Slow                     Hex            ###.....     6%          2    #......
 Ensorcelled Hibernation  Hex/Ice        #.....       11%         2    #......
 Call Imp                 Summ           #.......     19%         2    #......
 Confuse                  Hex            ###.....     12%         3    ##.....


Dungeon Overview and Level Annotations

Branches:
Dungeon (6/15)             Temple (1/1) D:6

Altars:
Ashenzari
Cheibriados
Dithmenos
Elyvilon
Gozag
Hepliaklqana
Kikubaaqudgha
Makhleb
Nemelex Xobeh
Okawaru
Qazlal
Sif Muna
Trog
Uskayaw
Wu Jian
Xom
The Shining One

Shops:
D:4 =

Annotations:
D:4 Grinder
D:6 Menkaure


Innate Abilities, Weirdness & Mutations

You can spit globs of acid.
Your golden yellow scales are hard. (AC +7)
You cannot fit into any form of body armour.
You are cold-blooded and may be slowed by cold attacks.
You are resistant to acid. (rCorr)


Message History

The spray of energy hits Menkaure!
Menkaure is heavily damaged.
You barely miss Menkaure.
Menkaure is heavily damaged.
Menkaure misses you.
You hit Menkaure.
Menkaure is severely damaged.
You hit Menkaure.
Menkaure is severely damaged.
Menkaure hits you!
* * * LOW HITPOINT WARNING * * *
Casting: Dazzling Spray (safe; 10% risk of failure)
Confirm with . or Enter, or press ? or * to list all spells.
Aiming: Dazzling Spray (safe; 10% risk of failure)
Press: ? - help, Shift-Dir - straight line, f/p - Menkaure
Aim: Menkaure (severely damaged, fast)
The spray of energy hits Menkaure.
Menkaure is almost destroyed.
Menkaure hits you!
You die...

###########
######.........###
#.p†...#######....
#@###..# #..##
#M#....# #...#
#.###### ##..# ...
#..# ### #####..#
.........
######### .....
.....


You could see Menkaure and a neutral freed slave (wandering).

Vanquished Creatures
  Pikel (D:6)
  A hippogriff (D:5)
  Sigmund (D:2)
  An orc warrior (D:5)
  A sky beast (D:6)
  2 ice beasts (D:5)
  A phantom (D:5)
  2 centaurs
  Blork the orc (D:6)
  2 bullfrogs (D:6)
  A centaur zombie (D:5)
  A bullfrog zombie (D:5)
  3 crimson imps (D:5)
  A jelly (D:6)
  2 orc priests (D:6)
  A hound (D:6)
  An iguana (D:5)
  5 orc wizards
  3 worker ants
  A killer bee zombie (D:3)
  A hound zombie (D:5)
  A worker ant zombie (D:5)
  4 gnolls
  2 adders (D:2)
  An ooze (D:3)
  An adder zombie (D:6)
  2 worms
  2 dart slugs
  7 leopard geckos
  16 orcs
  15 giant cockroaches
  13 goblins
  2 hobgoblins (D:1)
  A jackal (D:2)
  7 kobolds
  A quokka (D:2)
  10 bats
  11 frilled lizards
  A jackal skeleton (D:5)
  A leopard gecko zombie (D:5)
  A quokka skeleton (D:5)
  7 rats
139 creatures vanquished.

Vanquished Creatures (others)
  A bullfrog (D:6)
  A hound (D:6)
  2 orcs (D:6)
  A leopard gecko skeleton (D:6)
5 creatures vanquished.

Grand Total: 144 creatures vanquished

Notes
Turn   | Place    | Note
-------+----------+-------------------------------------------
     0 | D:1      | Esekla the Draconian Enchanter began the quest for the Orb.
     0 | D:1      | Reached XP level 1. HP: 14/14 MP: 3/3
    97 | D:1      | Reached skill level 1 in Fighting
   349 | D:1      | Reached XP level 2. HP: 22/23 MP: 5/5
   518 | D:1      | Reached XP level 3. HP: 18/28 MP: 6/6
   535 | D:1      | Learned a level 3 spell: Dazzling Spray
   539 | D:1      | Learned a level 3 spell: Tukima's Dance
  1641 | D:2      | Reached XP level 4. HP: 36/36 MP: 3/7
  1663 | D:2      | Noticed Sigmund
  1783 | D:2      | Killed Sigmund
  1783 | D:2      | Reached skill level 2 in Short Blades
  1783 | D:2      | Reached skill level 1 in Conjurations
  1783 | D:2      | Reached XP level 5. HP: 35/42 MP: 7/9
  1920 | D:2      | Found a shadowy altar of Dithmenos.
  1920 | D:2      | Found a stormy altar of Qazlal.
  2217 | D:2      | Learned a level 3 spell: Mephitic Cloud
  2220 | D:2      | Reached skill level 3 in Short Blades
  2450 | D:3      | Found a hazy altar of Hepliaklqana.
  2495 | D:3      | Reached XP level 6. HP: 7/50 MP: 6/10
  3195 | D:3      | Found a bloodstained altar of Trog.
  3624 | D:4      | Found a sparkling altar of Nemelex Xobeh.
  3780 | D:4      | Found Judeh's Jewellery Shop.
  3782 | D:4      | Noticed Grinder
  3793 | D:4      | Paralysed by Grinder for 3 turns
  3804 | D:4      | Paralysed by Grinder for 6 turns
  3890 | D:5      | Entered Level 5 of the Dungeon
  4030 | D:5      | Reached skill level 1 in Air Magic
  4030 | D:5      | Reached skill level 1 in Poison Magic
  4094 | D:5      | Found a white marble altar of Elyvilon.
  4139 | D:5      | Your scales start taking on a golden yellow colour.
  4139 | D:5      | Reached XP level 7. HP: 55/56 MP: 12/12
  4139 | D:5      | Gained mutation: You are resistant to acid. (rCorr) [Yellow
                  | Draconian growth]
  4193 | D:5      | Found an iron altar of Okawaru.
  4322 | D:5      | Noticed a hippogriff
  4343 | D:5      | Killed a hippogriff
  4343 | D:5      | Reached skill level 4 in Short Blades
  4762 | D:5      | Learned a level 3 spell: Conjure Flame
  4949 | D:5      | Reached XP level 8. HP: 57/63 MP: 13/13
  5184 | D:6      | Noticed Blork the orc
  5202 | D:6      | Killed Blork the orc
  5202 | D:6      | Reached skill level 1 in Fire Magic
  5658 | D:6      | Found a staircase to the Ecumenical Temple.
  5692 | Temple   | Entered the Ecumenical Temple
  5891 | D:6      | Found a snail-covered altar of Cheibriados.
  5932 | D:6      | Reached skill level 5 in Short Blades
  5943 | D:6      | Noticed Pikel
  5964 | D:5      | Learned a level 2 spell: Blink
  6406 | D:6      | Killed Pikel
  6406 | D:6      | Reached skill level 1 in Translocations
  6406 | D:6      | Reached XP level 9. HP: 51/71 MP: 13/16
  6500 | D:6      | Found a shadowy altar of Dithmenos.
  6789 | D:6      | Noticed Menkaure
  6796 | D:6      | Slain by Menkaure

Levels and vault maps discovered:
D:1:      sevenhm_arrival_forest_fort_small_6, layout_loops_ring,
          minmay_worlds_worst_comb
D:2:      cheibrodos_old_hovel, layout_loops_corners,
          gammafunk_temple_overflow_wave, uniq_sigmund
D:3:      minmay_roachtagon, layout_loops_ring, lightli_temple_of_fire,
          nicolae_overflow_crystal_walls, first_ration
D:4:      layout_cave_pools, nemelex_xobeh_ov_fountains_minmay, serial_shops,
          shop, chequers_serial_rivers_room_b, uniq_grinder
D:5:      layout_cave_pods, lemuel_round_altar, kennysheep_okawaru_gauntlet
D:6:      layout_basic, overflow_temple_1_default, lemuel_temple_firewalk_b,
          chequers_serial_rivers_micro_d, grunt_dithmenos_smoke, uniq_pikel,
          uniq_blork_the_orc, uniq_menkaure
Temple:   cyrus_temple_forest

Skill      XL: |  1  2  3  4  5  6  7  8 |
---------------+-------------------------+-----
Fighting       | 1 2 3 4 |  4.0
Dodging        | 2 3 4 |  4.0
Short Blades   | 2 3 4 5 |  5.6
Spellcasting   | 3 4 |  4.8
Conjurations   | 1 2 3 |  3.8
Air Magic      | 1 2 3 |  3.6
Poison Magic   | 1 2 3 |  3.4
Fire Magic     | 2 |  2.8
Translocations | 1 |  1.7
Stealth        | |  2.6
Hexes          | |  2.7

Action                   |  1- 3 |  4- 6 |  7- 9 || total
-------------------------+-------+-------+-------++-------
Melee: Dagger            |   125 |       |       ||   125
       Tailslap          |     9 |    14 |    33 ||    56
       Short sword       |    27 |   186 |   283 ||   496
Throw: Dart              |       |     9 |    11 ||    20
       Boomerang         |       |    17 |     6 ||    23
 Cast: Dazzling Spray    |     1 |    12 |    18 ||    31
       Mephitic Cloud    |       |     1 |    15 ||    16
       Blink             |       |       |     7 ||     7
       Conjure Flame     |       |       |     3 ||     3
  Use: Scroll            |       |    10 |     1 ||    11
       Potion            |       |     2 |       ||     2
 Stab: Sleeping          |     5 |     5 |       ||    10
       Invisible         |     1 |     2 |     5 ||     8
       Confused          |       |     1 |     9 ||    10
  Eat: Chunk             |     2 |     9 |     5 ||    16
       Ration            |       |       |     2 ||     2
Armor: Skin              |    50 |    52 |    61 ||   163
Dodge: Dodged            |    89 |    81 |   109 ||   279
